 Dungeon Crawl Stone Soup version 0.29.0-5-ge4962eb29e (webtiles) character file.

Game seed: 12550936122082804766

3746 sanka the Cleaver (level 10, -2/90 HPs)
             Began as a Meteoran Delver on Aug 28, 2022.
             Was a Priest of Trog.
             Slain by an orc priest
             ... wielding a +0 flail
              (8 damage)
             ... on level 9 of the Dungeon.
             The game lasted 00:24:53 (4921 turns).

sanka the Cleaver (Meteoran Delver)                 Turns: 4921, Time: 00:24:54

Health: -2/90      AC: 12    Str: 24    XL:     10   Next: 63%
Magic:  14/14      EV:  9    Int: 12    God:    Trog [***...]
Gold:   506        SH:  0    Dex: 16    Spells: 11/13 levels left

rFire   . . .      SeeInvis .   a - +0 battleaxe
rCold   . . .      Faith    .   (shield currently unavailable)
rNeg    . . .      Spirit   .   L - +0 chain mail
rPois   .          Reflect  .   (no helmet)
rElec   .          Harm     .   M - scarf {shadows}
rCorr   .          Rampage  .   t - +1 pair of gloves
Will    ++...                   O - +0 pair of boots
Stlth   ..........              n - amulet of regeneration
HPRegen 1.05/turn               G - +6 ring of strength
MPRegen 0.14/turn               b - ring of willpower

@: on berserk cooldown, slowed, glowing, very slow
A: sense surroundings 2, otherworldly, glowing, explore regen
a: Renounce Religion, Berserk, Trog's Hand


You were on level 9 of the Dungeon.
You worshipped Trog.
Trog was most pleased with you.
You visited 1 branch of the dungeon, and saw 9 of its levels.

You collected 506 gold pieces.


Innate Abilities, Weirdness & Mutations

You passively map the area around you.
You are easily found by Zot.
You glow in the dark.
You regain HP and MP as you explore.


   Skills:
 + Level 8.4 Fighting
 + Level 12.6 Axes
 + Level 4.2 Armour
 - Level 2.4 Dodging
 - Level 3.7 Stealth
 - Level 2.0 Spellcasting
 - Level 3.0 Air Magic
 - Level 3.0 Poison Magic
 - Level 4.0 Evocations


You had 11 spell levels left.
You knew the following spells:

 Your Spells              Type           Power      Damage    Failure   Level
y - Poisonous Vapours     Pois/Air       16%        N/A       63%         2

Your spell library contained the following spells:

 Spells                   Type           Power      Damage    Failure   Level
 Apportation              Tloc           2%         N/A       88%         1
 Cause Fear               Hex            0%         N/A       100%        4
 Corpse Rot               Necr/Pois/Air  6%         N/A       100%        4
 Alistair's Intoxication  Tmut/Pois      2%         N/A       100%        5
 Dragon Form              Tmut           0%         N/A       100%        7
 Dragon's Call            Summ           0%         N/A       100%        9

Inventory:

Hand Weapons
 a - a +0 battleaxe (weapon)
 h - a +0 hand axe
 r - a +4 dagger
 H - a +2 morningstar
 N - a +0 war axe
Missiles
 f - 16 poisoned darts
 j - a throwing net {=f}
 l - 2 atropa-tipped darts
Armour
 t - a +1 pair of gloves (worn)
 L - a +0 chain mail (worn)
 M - a scarf of shadows (worn)
 O - a +0 pair of boots (worn)
Jewellery
 b - a ring of willpower (right hand)
 i - an amulet of reflection
 n - an amulet of regeneration (around neck)
 w - a ring of protection from cold
 G - a +6 ring of strength (left hand)
 I - a ring of resist corrosion
Wands
 g - a wand of digging (3)
 E - a wand of iceblast (19)
Scrolls
 c - 3 scrolls of fog
 e - 3 scrolls of vulnerability {!r}
 m - 2 scrolls of torment {unknown}
 p - a scroll of blinking {unknown}
 q - a scroll of poison {unknown}
 s - 4 scrolls of identify {unknown}
 v - 3 scrolls of teleportation {unknown}
 x - a scroll of immolation {unknown}
 y - a scroll of enchant armour {unknown}
 B - a scroll of noise {unknown}
 C - 2 scrolls of silence {unknown}
 K - a scroll of fear
Potions
 d - 2 potions of flight {unknown}
 k - a potion of magic {unknown}
 o - a potion of haste {@q3}
 u - a potion of attraction {!q}
 z - a potion of lignification {!q}
 A - a potion of degeneration {unknown}
 D - a potion of ambrosia {unknown}
 F - 3 potions of curing {unknown}
 J - 3 potions of cancellation {unknown}

Dungeon Overview and Level Annotations

Branches:
Dungeon (9/15) Zot: 536    Temple (0/1) D:4
   Lair: D:8-11         Orc: D:9-12

Altars:
Elyvilon
Hepliaklqana
Nemelex Xobeh
Qazlal
Trog
Uskayaw
Vehumet
Xom
Zin
The Shining One

, ,
▒▒▒▒▒▒▒▒▒▒▒▒
▒..........▒
░
▒>▒▒▒▒▒.▒▒▒▒
, ,, ▒.▒ ▒†▒
. , , ▒.▒
▒.▒ ▒..░, ,,
▒.▒ ▒.▒▒....
, ▒.▒
▒▒{F..▒ ,,
▒.▒ ▒op)..▒
, ,,
▒.▒░▒▒o▒▒▒▒▒
, ,, ,
▒.▒░.....▒░
░ ▒.▒▒.....
░ ░, ░ ,
▒.....▒ , ,░
▒▒▒▒▒...▒ ,,
, ,
▒.....▒..▒ ,
▒.▒▒▒..▒+▒
░░ ░ ▒.▒
▒▒.+ ,


You could see a bullfrog, an orc priest and an orc.


Message History

An orc wizard comes into view. It is wielding a +0 dagger.
You hear some strange, mumbled words.
A puff of flame appears from out of thin air!
The puff of flame hits you.
* * * LOW HITPOINT WARNING * * *
You hear a shout!
You slash the bullfrog!
The bullfrog is severely wounded.
You closely miss the orc priest. You closely miss something.
You barely miss something.
You are no longer berserk.
You are exhausted.
You feel yourself slow down. The bullfrog completely misses you.
Something hits you but does no damage. Something hits you but does no damage.
You miss the bullfrog.
The bullfrog is severely wounded.
You barely miss something. You barely miss the orc priest.
You barely miss the orc. You barely miss something.
The bullfrog hits you but does no damage.
The bullfrog hits you.
* * * LOW HITPOINT WARNING * * *
The orc hits you with a +0 hand axe.
* * * LOW HITPOINT WARNING * * *
The orc priest hits you with a +0 flail!
You die...

Action                   |  1- 3 |  4- 6 |  7- 9 | 10-12 || total
-------------------------+-------+-------+-------+-------++-------
Melee: Battleaxe         |    19 |   202 |   179 |   122 ||   522
 Cast: Poisonous Vapours |       |     2 |       |       ||     2
Invok: Berserk           |       |       |     1 |     1 ||     2
  Use: Scroll            |     1 |       |     2 |       ||     3
       Potion            |     1 |       |     2 |       ||     3
 Stab: Sleeping          |     1 |     4 |       |       ||     5
Armor: Leather armour    |     6 |   101 |     2 |       ||   109
       Scale mail        |       |       |    99 |     4 ||   103
       Chain mail        |       |       |       |    63 ||    63
Dodge: Dodged            |     8 |   136 |    97 |    37 ||   278
Block: Other             |       |    26 |       |       ||    26
       Reflection        |       |     1 |       |       ||     1

Levels and vault maps discovered:
D:1:      elethiomel_arrival_diamonds, layout_basic
D:2:      layout_basic
D:3:      layout_loops_cross
D:4:      layout_basic, amcnicky_altar_gilded, minmay_temple_entry_large_hall
D:5:      layout_basic, lemuel_doored_altar, kennysheep_pointless_box,
          nicolae_grassy_gnolls
D:6:      layout_basic, dreamdust_divine_triumvirate, dk_yredelemnul_ordeal,
          nicolae_vehumet_altar_sigil, uniq_eustachio
D:7:      nzn_winding_woodlands_cross [nzn_winding_woodlands_5x15_jagged,
          nzn_winding_woodlands_5x15_garden, nzn_winding_woodlands_5x15_pool,
          nzn_winding_woodlands_5x15_twine,
          nzn_winding_woodlands_15x15_boxy_spiral], layout_rooms,
          nicolae_concentric_dashed_squares_mild, uniq_menkaure
D:8:      layout_loops_corners, gammafunk_temple_overflow_statue, tgw_xom,
          nicolae_qazlal_general_emergency
D:9:      layout_loops_ring, erik_orc_1, serial_shops,
          nicolae_shop_behind_doors, enter_bailey_6, uniq_maurice, uniq_erica,
          uniq_prince_ribbit1

Notes
Turn   | Place    | Note
-------+----------+-------------------------------------------
     0 | D:5      | sanka the Meteoran Delver began the quest for the Orb.
     0 | D:5      | Reached XP level 1. HP: 19/19 MP: 2/2
    23 | D:5      | Noticed a black bear
    24 | D:5      | Noticed a black bear
    43 | D:5      | Noticed an iguana
    58 | D:5      | Killed an iguana
    59 | D:5      | Reached skill level 4 in Fighting
    59 | D:5      | Reached skill level 3 in Axes
    59 | D:5      | Reached XP level 2. HP: 17/27 MP: 3/3
    59 | D:5      | Reached XP level 3. HP: 21/33 MP: 4/4
   194 | D:2      | Reached skill level 4 in Axes
   194 | D:2      | Reached XP level 4. HP: 18/40 MP: 5/5
   624 | D:1      | Reached XP level 5. HP: 43/46 MP: 6/6
   686 | D:1      | Reached skill level 5 in Axes
  1056 | D:2      | Learned a level 2 spell: Poisonous Vapours
  1536 | D:2      | Reached skill level 1 in Spellcasting
  1557 | D:2      | Reached skill level 1 in Air Magic
  1659 | D:3      | Reached skill level 1 in Poison Magic
  1982 | D:3      | Reached XP level 6. HP: 52/52 MP: 8/8
  2073 | D:4      | Reached skill level 2 in Spellcasting
  2073 | D:4      | Reached skill level 2 in Air Magic
  2073 | D:4      | Reached skill level 2 in Poison Magic
  2184 | D:4      | Reached skill level 3 in Air Magic
  2371 | D:4      | Reached skill level 3 in Poison Magic
  2371 | D:4      | Reached skill level 6 in Axes
  2371 | D:4      | Reached XP level 7. HP: 28/59 MP: 11/11
  2398 | D:4      | Found a bloodstained altar of Trog.
  2408 | D:4      | Became a worshipper of Trog the Wrathful
  2626 | D:4      | Found a staircase to the Ecumenical Temple.
  2810 | D:4      | Glimpsed the power of Zot.
  2845 | D:5      | Reached skill level 7 in Axes
  2858 | D:5      | Glimpsed the power of Zot.
  2876 | D:5      | Found a hide-covered altar of Uskayaw.
  2897 | D:5      | Glimpsed the power of Zot.
  2905 | D:5      | Touched by the power of Zot.
  2908 | D:5      | Reached skill level 8 in Axes
  2908 | D:5      | Reached XP level 8. HP: 33/51 MP: 12/12
  3004 | D:5      | Glimpsed the power of Zot.
  3035 | D:6      | Noticed Eustachio
  3044 | D:5      | Reached skill level 9 in Axes
  3112 | D:6      | Killed Eustachio
  3113 | D:6      | Reached skill level 10 in Axes
  3136 | D:6      | Gained mutation: You passively map the area around you.
                  | [Meteoran growth]
  3136 | D:6      | Reached XP level 9. HP: 65/72 MP: 13/13
  3145 | D:6      | Found a radiant altar of Vehumet.
  3407 | D:6      | Reached skill level 1 in Evocations
  3416 | D:6      | Reached * piety under Trog
  3423 | D:6      | Reached skill level 5 in Fighting
  3423 | D:6      | Reached skill level 2 in Evocations
  3538 | D:6      | Reached skill level 3 in Evocations
  3557 | D:6      | Found a glowing golden altar of the Shining One.
  3557 | D:6      | Found a glowing silver altar of Zin.
  3557 | D:6      | Found a white marble altar of Elyvilon.
  3587 | D:6      | Glimpsed the power of Zot.
  3691 | D:7      | Reached skill level 11 in Axes
  3715 | D:7      | HP: 6/75 [steam dragon/ball of steam (17)]
  3718 | D:7      | Reached skill level 6 in Fighting
  3718 | D:7      | Reached skill level 4 in Evocations
  3880 | D:6      | Reached XP level 10. HP: 61/84 MP: 14/14
  3914 | D:7      | Reached skill level 7 in Fighting
  4003 | D:7      | Noticed Menkaure
  4013 | D:7      | Killed Menkaure
  4013 | D:7      | Reached ** piety under Trog
  4115 | D:7      | Reached skill level 12 in Axes
  4115 | D:7      | Reached skill level 1 in Armour
  4159 | D:7      | Reached skill level 2 in Armour
  4165 | D:7      | Glimpsed the power of Zot.
  4351 | D:8      | Found a sparkling altar of Nemelex Xobeh.
  4351 | D:8      | Found a hazy altar of Hepliaklqana.
  4490 | D:8      | Found a stormy altar of Qazlal.
  4562 | D:8      | Reached skill level 8 in Fighting
  4562 | D:8      | Reached skill level 3 in Armour
  4712 | D:8      | Found a shimmering altar of Xom.
  4757 | D:8      | Glimpsed the power of Zot.
  4807 | D:8      | Glimpsed the power of Zot.
  4847 | D:8      | Glimpsed the power of Zot.
  4913 | D:9      | Reached skill level 4 in Armour
  4919 | D:9      | Reached *** piety under Trog
  4921 | D:9      | HP: 7/90 [bullfrog (4)]
  4921 | D:9      | Slain by an orc priest

Vanquished Creatures
  Eustachio (D:6)
  A basilisk (D:7)
  3 steam dragons
  Menkaure (D:7)
  A water moccasin (D:6)
  An orc warrior (D:9)
  6 ice beasts
  A sky beast (D:7)
  3 black bears
  A kobold brigand (D:4)
  3 bullfrogs
  2 gnoll sergeants (D:7)
  5 scorpions
  3 wights (D:6)
  4 killer bees (D:9)
  3 howler monkeys (D:8)
  2 hounds
  A jelly (D:7)
  5 orc priests
  5 orc wizards
  4 iguanas
  A gnoll (D:8)
  4 adders
  A shadow imp (D:6)
  A white imp (D:5)
  3 worms
  4 dart slugs
  44 orcs
  5 ball pythons
  7 bats
  4 endoplasms
  5 giant cockroaches
  11 goblins
  10 hobgoblins
  8 jackals
  5 quokkas
  4 frilled lizards
  5 kobolds
  9 rats
187 creatures vanquished.

Vanquished Creatures (others)
  17 plants (D:5)
17 creatures vanquished.

Grand Total: 204 creatures vanquished
